 Dungeon Crawl Stone Soup version 0.27-a0-1299-g1ab19c6527 (webtiles) character file.

Game seed: 8477220823771358927

97 Lanoc the Skirmisher (level 4, 0/37 HPs)
             Began as a Demonspawn Chaos Knight on June 17, 2021.
             Was a Plaything of Xom.
             Slain by a crimson imp (4 damage)
             ... summoned by Xom
             ... on level 3 of the Dungeon.
             The game lasted 00:03:09 (2301 turns).

Lanoc the Skirmisher (Demonspawn Chaos Knight)      Turns: 2301, Time: 00:03:09

Health: 0/37       AC:  5    Str: 11    XL:     4   Next: 42%
Magic:  4/4        EV: 11    Int: 13    God:    Xom [.*....]
Gold:   98         SH:  4    Dex: 13    Spells: 3/3 levels left

rFire    . . .     SeeInvis .   a - +1 mace (chaos)
rCold    . . .     Faith    .   h - +0 buckler
rNeg     . . .     Spirit   .   b - +2 leather armour
rPois    .         Reflect  .   (no helmet)
rElec    .         Harm     .   (no cloak)
rCorr    .         Rampage  .   (no gloves)
Will     .....                  (no boots)
Stlth    +.........             (no amulet)
HPRegen  0.12/turn              (no ring)
MPRegen  0.09/turn              (no ring)

@: no status effects
A: talons 1, weak 1
a: Renounce Religion


You were on level 3 of the Dungeon.
You worshipped Xom.
You were a plaything of Xom.
You visited 1 branch of the dungeon, and saw 3 of its levels.

You collected 98 gold pieces.

Inventory:

Hand Weapons
 a - a +1 mace of chaos (weapon)
Armour
 b - a +2 leather armour (worn)
 h - a +0 buckler (worn)
Scrolls
 c - 4 scrolls of enchant weapon
 i - a scroll of amnesia {unknown}
 n - a scroll of identify {unknown}
 o - 2 scrolls of teleportation {unknown}
 p - a scroll of silence {unknown}
 q - a scroll of summoning {unknown}
Potions
 d - a potion of haste {unknown}
 e - 2 potions of lignification {unknown}
 f - 2 potions of flight {unknown}
 g - 2 potions of berserk rage {unknown}
 j - a potion of ambrosia {unknown}
 k - a potion of brilliance {unknown}
 l - 2 potions of curing {unknown}
 m - a potion of heal wounds {unknown}


   Skills:
 + Level 3.7 Fighting
 * Level 3.1 Maces & Flails
 + Level 2.0 Armour
 + Level 2.1 Dodging
 * Level 1.3 Shields


You had 3 spell levels left.
You didn't know any spells.
Your spell library contained the following spells:

 Spells                   Type           Power      Damage    Failure   Level
 Summon Small Mammal      Summ           0%         N/A       50%         1
 Call Imp                 Summ           0%         N/A       65%         2
 Call Canine Familiar     Summ           0%         N/A       86%         3
 Summon Guardian Golem    Hex/Summ       0%         N/A       86%         3
 Summon Ice Beast         Ice/Summ       0%         N/A       99%         4
 Summon Lightning Spire   Summ/Air       0%         N/A       99%         4


Dungeon Overview and Level Annotations

Branches:
Dungeon (3/15)

Altars:
Dithmenos


Innate Abilities, Weirdness & Mutations

You have sharp toenails.
You are weak. (Str -2)


Message History

The ufetubus barely misses you. x2; The crimson imp closely misses you.
The ufetubus closely misses you. The ufetubus hits you.
You barely miss the ufetubus. You block the ufetubus's attack.
The ufetubus hits you but does no damage.
The crimson imp blinks!
You barely miss the ufetubus. The ufetubus hits you.
The ufetubus completely misses you.
The ufetubus hits you but does no damage.
You block the ufetubus's attack. The ufetubus barely misses you.
You block the ufetubus's attack.
You miss the ufetubus. The ufetubus barely misses you. x2
You block the ufetubus's attack. The ufetubus hits you.
The ufetubus barely misses you.
The ufetubus hits you but does no damage.
The ufetubus closely misses you. You block the ufetubus's attack.
You barely miss the ufetubus. The ufetubus closely misses you.
The ufetubus misses you. The ufetubus hits you.
The ufetubus closely misses you.
The ufetubus hits you but does no damage.
The ufetubus barely misses you. x3
You closely miss the ufetubus.
You claw the ufetubus, but do no damage.
You block the ufetubus's attack. The ufetubus hits you.
The ufetubus completely misses you.
The ufetubus hits you but does no damage.
The ufetubus closely misses you. The ufetubus barely misses you.
You closely miss the ufetubus. The ufetubus hits you.
* * * LOW HITPOINT WARNING * * *
The ufetubus hits you but does no damage.
You block the ufetubus's attack. The ufetubus hits you.
* * * LOW HITPOINT WARNING * * *
The crimson imp hits you but does no damage.
As you read the scroll labelled CITEROF WACEOS, it crumbles to dust.
It is a scroll of enchant weapon.
Your +0 mace of chaos glows red for a moment.
The ufetubus hits you.
* * * LOW HITPOINT WARNING * * *
The ufetubus misses you. The crimson imp hits you.
You die... "Huh?
Did I miss anything?"

#...........#..# #
#...........#..#.##
#...........#..#...
#.................#
#.................+
#.#########.......#
# #.......#
.#########.......#
......5@55.......#
###########......#
.....(# ......#
......# ......#
#######


You could see a crimson imp (summoned) and 2 ufetubi.

Vanquished Creatures
  A gnoll (D:2)
  2 adders
  2 adder skeletons (D:2)
  A dart slug (D:1)
  An orc (D:3)
  2 bat skeletons (D:2)
  A bat zombie (D:2)
  2 endoplasms
  4 giant cockroaches
  4 goblins
  3 hobgoblins
  8 jackals
  3 quokkas
  3 ball pythons
  10 bats
  2 frilled lizards (D:2)
  A giant cockroach zombie (D:2)
  A kobold (D:2)
  3 rats
54 creatures vanquished.

Vanquished Creatures (others)
  A kobold (D:2)
  3 withered plants (D:2)
4 creatures vanquished.

Grand Total: 58 creatures vanquished

Notes
Turn   | Place    | Note
-------+----------+-------------------------------------------
     0 | D:1      | Lanoc the Demonspawn Chaos Knight began the quest for the
                  | Orb.
     0 | D:1      | Reached XP level 1. HP: 18/18 MP: 1/1
   122 | D:1      | Reached skill level 1 in Dodging
   203 | D:1      | XOM: silly message
   545 | D:1      | XOM: enchant monster (good)
   554 | D:1      | Gained mutation: You have sharp toenails. [demonic
                  | ancestry]
   554 | D:1      | Reached XP level 2. HP: 23/24 MP: 2/2
   778 | D:1      | XOM: silly message
   818 | D:1      | XOM: cast spell 'Summon Small Mammal'
  1064 | D:1      | XOM: give mutation
  1064 | D:1      | Gained mutation: You are weak. (Str -2) [Xom's mischief]
  1092 | D:1      | XOM: noise
  1114 | D:2      | XOM: destruction
  1117 | D:2      | Reached XP level 3. HP: 21/29 MP: 3/3
  1338 | D:2      | XOM: 4-stop teleportation journey
  1383 | D:2      | Reached skill level 1 in Shields
  1440 | D:2      | Reached XP level 4. HP: 32/36 MP: 4/4
  1465 | D:2      | XOM: god gift: fizzy clear potion {god gift}
  1579 | D:2      | Found a shadowy altar of Dithmenos.
  2164 | D:3      | XOM: summons 2 hostile demons
  2293 | D:3      | XOM: summons 3 hostile demons
  2301 | D:3      | Slain by a crimson imp

Illustrated notes

Levels and vault maps discovered:
D:1:      minmay_arrival_four_loops, layout_basic, minmay_misc_feat_nine_boxes
D:2:      layout_basic, basic_altar, serial_undead, serial_undead_b,
          serial_undead_b, serial_undead_c, serial_undead_f,
          kennysheep_generic_room_7
D:3:      layout_basic

Skill      XL: |  1  2  3 |
---------------+----------+-----
Dodging        | 1 2 |  2.1
Armour         | 2 |  2.0
Shields        | 1 |  1.3
Maces & Flails | 3 |  3.1
Fighting       | |  3.7

Action                   |  1- 3 |  4- 6 || total
-------------------------+-------+-------++-------
Melee: Mace              |   112 |    57 ||   169
       Kick              |    14 |    16 ||    30
  Use: Scroll            |       |     1 ||     1
 Stab: Paralysed         |     1 |       ||     1
Armor: Leather armour    |    55 |    23 ||    78
Dodge: Dodged            |    84 |    54 ||   138
Block: Buckler           |    37 |    20 ||    57

Table legend: (Time is in decaauts)
 A = Elapsed time spent in this place.
 B = Non-inter-level travel time spent in this place.
 C = Inter-level travel time spent in this place.
 D = Time resting spent in this place.
 E = Time spent auto-exploring this place.
 F = Levels seen in this place.
 G = Mean time per level.
                   A        B        C        D        E       F      G
               +--------+--------+--------+--------+--------+-----+--------+
         Total |   2355 |   2293 |     62 |    278 |   1625 |   3 |  785.0 |
       Dungeon |   2355 |   2293 |     62 |    278 |   1625 |   3 |  785.0 |
               +--------+--------+--------+--------+--------+-----+--------+

Top non-repeatable levels by time:
     D:1: 1171 daAuts
     D:2: 812 daAuts
     D:3: 371 daAuts
